 Dungeon Crawl Stone Soup version 0.29-a0-319-gad05b8d819 (webtiles) character file.

Game seed: 9855178566455043923

3928 rabbitsville the Grappler (level 10, -4/97 HPs)
             Began as a Troll Gladiator on Apr 1, 2022.
             Was a Believer of Trog.
             Slain by a yak (22 damage)
             ... on level 8 of the Dungeon.
             The game lasted 00:20:36 (5454 turns).

rabbitsville the Grappler (Troll Gladiator)         Turns: 5454, Time: 00:20:36

Health: -4/97      AC:  6    Str: 28    XL:     10   Next: 1%
Magic:  9/9        EV: 10    Int:  4    God:    Trog [**....]
Gold:   459        SH:  5    Dex: 11    Spells: 9/9 levels left

rFire   . . .      SeeInvis .     - Unarmed
rCold   . . .      Faith    .   f - orb {mayhem}
rNeg    . . .      Spirit   .   h - +0 troll leather armour {Pargi}
rPois   .          Reflect  +   b - +0 hat
rElec   .          Harm     .   (no cloak)
rCorr   .          Rampage  .   (gloves unavailable)
Will    .....                   (boots unavailable)
Stlth   +.........              w - amulet "Zuezogri" {Reflect +Inv Regen+ SH+5}
HPRegen 2.66/turn               J - ring of flight
MPRegen 0.11/turn               (no ring)

@: flying
A: large, unfitting armour, claws 3, regeneration 1, shaggy fur 1, tough skin 1
a: Renounce Religion, Evoke Invisibility, Berserk, Trog's Hand


You were on level 8 of the Dungeon.
You worshipped Trog.
Trog was pleased with you.
You visited 1 branch of the dungeon, and saw 8 of its levels.
You also visited: Sewer.

You collected 459 gold pieces.

Inventory:

Missiles
 c - 3 throwing nets
 d - a large rock
 n - 11 poisoned darts
 A - 5 boomerangs
 B - 2 javelins
 D - 3 curare-tipped darts
Armour
 a - a +0 robe
 b - a +0 hat (worn)
 f - an orb of mayhem (worn)
 h - a +0 troll leather armour (worn) {Pargi}
Jewellery
 p - the amulet "Tilaesan" {RegenMP rPois rN+ Int+2}
   (You found it on level 3 of the Dungeon)

   [amulet of magic regeneration]

   It increases your rate of magic regeneration.
   Int:       It affects your intelligence (+2).
   rPois:     It protects you from poison.
   rN:        It protects you from negative energy.
 w - the amulet "Zuezogri" (around neck) {Reflect +Inv Regen+ SH+5}
   (You found it on level 4 of the Dungeon)

   [amulet of reflection]

   It reflects blocked missile attacks.
   +Inv:      It lets you turn invisible.
   Regen:     It increases your rate of health regeneration.
   SH:        It affects your SH (+5).
 I - an amulet of faith
 J - a ring of flight (left claw)
Wands
 y - a wand of iceblast (12)
 z - a wand of paralysis (11)
Scrolls
 e - 7 scrolls of teleportation {unknown}
 g - 6 scrolls of identify {unknown}
 j - 2 scrolls of enchant weapon {unknown}
 k - 5 scrolls of enchant armour {unknown}
 m - 3 scrolls of blinking {unknown}
 t - 3 scrolls of acquirement {unknown}
 x - 4 scrolls of noise {unknown}
 C - a scroll of vulnerability {unknown}
 F - a scroll of magic mapping {unknown}
 G - a scroll of amnesia {unknown}
Potions
 i - a potion of degeneration {unknown}
 l - 3 potions of curing
 o - 2 potions of lignification {unknown}
 q - 2 potions of brilliance {unknown}
 r - 2 potions of cancellation {unknown}
 s - 3 potions of invisibility {unknown}
 u - a potion of haste {unknown}
 v - a potion of heal wounds {unknown}
 E - a potion of mutation {unknown}
 H - a potion of berserk rage
 K - a potion of might {unknown}


   Skills:
 + Level 5.6 Fighting
 * Level 8.6 Throwing
 - Level 2.4 Dodging
 * Level 9.7 Unarmed Combat


You had 9 spell levels left.
You didn't know any spells.
Your spell library was empty.

Dungeon Overview and Level Annotations

Branches:
Dungeon (8/15)             Temple (0/1) D:6           Sewer (visited)
   Lair: D:8-11

Altars:
Nemelex Xobeh
Qazlal
Trog
Uskayaw
Yredelemnul

Shops:
D:1 :


Innate Abilities, Weirdness & Mutations

You are too large for most types of armour.
You have claws for hands.
Your natural rate of healing is unusually fast.
You are covered in fur. (AC +1)
You have tough skin. (AC +1)


Message History

The kobold flies into a frenzy!
You feel sick. You block the kobold's attack.
The yak closely misses the yak.
You barely miss the yak.
The yak is moderately wounded.
You feel sick. The kobold hits you with a +0 dagger.
The yak closely misses you. The kobold hits you with a +0 dagger.
You claw the yak!
The yak is severely wounded.
The yak gores the yak!
The yak dies!
Trog accepts your kill. The kobold closely misses you.
You have reached level 10!
You mangle the kobold!!
You kill the kobold!
Trog accepts your kill.
You feel sick. You block the yak's attack.
You claw the yak!
The yak is moderately wounded.
You feel sick.
You are no longer poisoned.
The yak gores you.
You scratch the yak.
The yak is moderately wounded.
The yak closely misses you.
You completely miss the yak.
The yak is moderately wounded.
The yak gores you!!
* * * LOW HITPOINT WARNING * * *
You scratch the yak.
The yak is heavily wounded.
The yak closely misses you.
You scratch the yak.
The yak is heavily wounded.
You block the yak's attack. The yak gores you.
* * * LOW HITPOINT WARNING * * *
You claw the yak!
The yak is almost dead.
The yak gores you!!
You die...

##.. ... ... #
.. .### # #)
.....
####.#)###.....$
#.....)))...#
.##.##@###.# #Y#
#.# #...).#
####(.# (..#
##.# .# .#


You could see a neutral yak (fast, strong, insane).

Vanquished Creatures
  Pikel (D:6)
  Prince Ribbit (D:7)
  Sigmund (D:4)
  Eustachio (D:6)
  4 yaks (D:8)
  A steam dragon (D:7)
  Pargi (Sewer)
  3 black bears
  A sky beast (D:6)
  An orc warrior (D:7)
  A phantom (D:5)
  3 lemures (D:5)
  5 kobold brigands
  2 necrophages (D:5)
  3 scorpions
  A wight (D:5)
  A howler monkey (D:5)
  A bullfrog zombie (D:5)
  3 hounds
  A centaur zombie (D:5)
  A human zombie (D:5)
  A jelly (D:6)
  A gnoll shaman (D:7)
  2 iguanas
  2 orc wizards
  2 scorpion zombies (D:5)
  2 hound zombies (D:5)
  2 mummies (D:5)
  5 adders
  3 gnolls (D:7)
  3 dart slugs
  13 orcs
  7 endoplasms
  8 giant cockroaches
  10 goblins
  3 hobgoblins
  4 jackals (D:1)
  2 quokkas
  5 ball pythons
  4 bats
  8 frilled lizards
  22 kobolds
  7 rats
153 creatures vanquished.

Vanquished Creatures (collateral kills)
  A yak (D:8)
  A gnoll (D:7)
  3 orcs
  7 kobolds
12 creatures vanquished.

Vanquished Creatures (others)
  Psyche (D:8)
  An orc (D:3)
  2 kobolds
  A plant (D:3)
5 creatures vanquished.

Grand Total: 170 creatures vanquished

Notes
Turn   | Place    | Note
-------+----------+-------------------------------------------
     0 | D:1      | rabbitsville the Troll Gladiator began the quest for the
                  | Orb.
     0 | D:1      | Reached XP level 1. HP: 19/19 MP: 0/0
   169 | D:1      | Reached XP level 2. HP: 28/28 MP: 1/1
   562 | D:1      | Found a faded altar of an unknown god.
   685 | D:1      | Reached XP level 3. HP: 35/35 MP: 2/2
   730 | D:1      | Found Hytwopnei's Book Shoppe.
   961 | D:2      | Identified the +1 chain mail "Ruprog" {rElec MP+9 Str-2}
  1476 | D:3      | Identified the amulet "Tilaesan" {RegenMP rPois rN+ Int+2}
  1492 | D:3      | Found a glowing drain.
  1513 | D:3      | Reached XP level 4. HP: 34/42 MP: 3/3
  1526 | Sewer    | Entered a sewer
  1611 | Sewer    | Noticed Pargi
  1622 | Sewer    | Killed Pargi
  1623 | Sewer    | Reached skill level 4 in Unarmed Combat
  1623 | Sewer    | Reached XP level 5. HP: 50/50 MP: 4/4
  2513 | D:4      | Identified the amulet "Zuezogri" {Reflect +Inv Regen+ SH+5}
  2578 | D:4      | Noticed Sigmund
  2598 | D:4      | Killed Sigmund
  2599 | D:4      | Reached skill level 5 in Unarmed Combat
  2599 | D:4      | Reached XP level 6. HP: 27/59 MP: 5/5
  3210 | D:5      | Entered Level 5 of the Dungeon
  3216 | D:5      | Found a hide-covered altar of Uskayaw.
  3269 | D:5      | Found a bloodstained altar of Trog.
  3286 | D:5      | Became a worshipper of Trog the Wrathful
  3311 | D:5      | Reached XP level 7. HP: 67/67 MP: 6/6
  3422 | D:5      | Reached skill level 5 in Throwing
  3422 | D:5      | Reached skill level 6 in Unarmed Combat
  3490 | D:5      | Found a basalt altar of Yredelemnul.
  3522 | D:5      | Reached XP level 8. HP: 78/78 MP: 7/7
  3545 | D:5      | Reached * piety under Trog
  3636 | D:5      | Found a stormy altar of Qazlal.
  3677 | D:5      | Found a sparkling altar of Nemelex Xobeh.
  3945 | D:6      | Noticed Pikel
  4045 | D:6      | Killed Pikel
  4046 | D:6      | Reached skill level 7 in Unarmed Combat
  4256 | D:6      | Reached skill level 8 in Unarmed Combat
  4319 | D:6      | Reached XP level 9. HP: 85/85 MP: 8/8
  4496 | D:6      | Found a staircase to the Ecumenical Temple.
  4496 | D:6      | Noticed Eustachio
  4504 | D:6      | Killed Eustachio
  4518 | D:6      | Reached ** piety under Trog
  4765 | D:7      | Noticed Prince Ribbit
  4780 | D:7      | Killed Prince Ribbit
  4832 | D:7      | Reached skill level 5 in Fighting
  5199 | D:7      | Reached skill level 9 in Unarmed Combat
  5418 | D:8      | Noticed Psyche
  5430 | D:8      | Killed Psyche
  5448 | D:8      | Reached XP level 10. HP: 34/97 MP: 9/9
  5454 | D:8      | Slain by a yak

Illustrated notes

Levels and vault maps discovered:
D:1:      dpeg_arrival_subterranean_lakeside_camping, layout_basic,
          serial_shops, shop_statue, ebering_ecumenical_altar_rust
D:2:      layout_rooms
D:3:      layout_loops_ring, gup_sewer_entry_glass, serial_bayou_lagoon_a,
          kennysheep_generic_room_6
D:4:      layout_basic, uniq_sigmund
D:5:      layout_cave_pools, lemuel_mausoleum_altar_yredelemnul,
          nemelex_spade_bored_becter, mainiacjoe_overflow_tiny_flanked,
          trog_three_pillars_becter, nicolae_uskayaw_dance_hall, serial_glass,
          glass_columns_b, glass_columns_a, glass_columns_b, glass_columns_b,
          glass_columns_b, hangedman_decor_slide_cut
D:6:      cheibrodos_quashed, layout_basic, minmay_temple_entry_wispy,
          uniq_eustachio, uniq_pikel
D:7:      layout_basic, chequers_serial_rivers_room_b, uniq_prince_ribbit1
D:8:      layout_loops_ring, fedhas_ov_isle_minmay, serial_shops,
          nicolae_shop_stone, nicolae_alphabet_shops, uniq_psyche

Skill      XL: |  1  2  3  4  5  6  7  8  9 |
---------------+----------------------------+-----
Throwing       | 2 3 4 5 7 8 |  8.6
Fighting       | 2 3 4 5 |  5.6
Unarmed Combat | 4 5 6 8 9 |  9.7
Dodging        | |  2.4

Action                   |  1- 3 |  4- 6 |  7- 9 | 10-12 || total
-------------------------+-------+-------+-------+-------++-------
Melee: Unarmed           |    98 |   122 |   261 |     7 ||   488
       Punch             |     1 |       |       |       ||     1
Throw: Dart              |       |       |     7 |       ||     7
  Use: Potion            |       |     2 |       |       ||     2
 Stab: Sleeping          |     1 |       |       |       ||     1
       Distracted        |       |       |     2 |       ||     2
Armor: Robe              |    38 |    14 |       |       ||    52
       Troll leather arm |       |    34 |    72 |       ||   106
Dodge: Dodged            |    41 |    78 |   115 |     2 ||   236
Block: Orb               |       |    13 |    55 |     2 ||    70
       Reflection        |       |       |     1 |       ||     1

Table legend: (Time is in decaauts)
 A = Elapsed time spent in this place.
 B = Non-inter-level travel time spent in this place.
 C = Inter-level travel time spent in this place.
 D = Time resting spent in this place.
 E = Time spent auto-exploring this place.
 F = Levels seen in this place.
 G = Mean time per level.
                   A        B        C        D        E       F      G
               +--------+--------+--------+--------+--------+-----+--------+
         Total |   5466 |   5180 |    286 |     18 |   2599 |   9 |  607.3 |
       Dungeon |   5243 |   4957 |    286 |     18 |   2525 |   8 |  655.4 |
         Sewer |    223 |    223 |      0 |      0 |     74 |   1 |  223.0 |
               +--------+--------+--------+--------+--------+-----+--------+

Top non-repeatable levels by time:
     D:1: 961 daAuts
     D:3: 898 daAuts
     D:5: 809 daAuts
     D:4: 731 daAuts
     D:6: 723 daAuts
     D:7: 645 daAuts
     D:2: 443 daAuts
   Sewer: 223 daAuts
     D:8: 29 daAuts
